 Dungeon Crawl Stone Soup version 0.16.0-12-g7215832 (webtiles) character file.

1705 RobertPalmer the Carver (level 9, 0/56 HPs)
             Began as an Octopode Abyssal Knight on Mar 18, 2015.
             Was a High Priest of Lugonu.
             Slain by an orc warrior
             ... wielding a +0 dire flail
              (25 damage)
             ... on level 7 of the Dungeon.
             The game lasted 00:22:44 (7892 turns).

RobertPalmer the Carver (Octopode Abyssal Knight)   Turns: 7892, Time: 00:22:45

Health: 0/56       AC:  1    Str: 11    XL:     9   Next: 3%
Magic:  11/11      EV: 24    Int: 15    God:    Lugonu [*****.]
Gold:   98         SH:  0    Dex: 19    Spells: 0 memorised, 8 levels left

rFire  . . .     SeeInvis +     a - +2 falchion
rCold  . . .     Clarity  .     (no shield)
rNeg   . . .     SustAb   +     (helmet restricted)
rPois  .         Gourm    .     (no amulet)
rElec  .         Spirit   .     v - ring of sustain abilities {SustAb}
rCorr  .         Warding  .     f - ring of see invisible {sInv, !d}
rMut   .         Stasis   .     (no ring)
MR     .....                    (no ring)
Stlth  ++++......               (no ring)
                                (no ring)
                                (no ring)
                                (no ring)

@: agile, not resistant to hostile enchantments, stealthy
A: almost no armour, amphibious, 8 rings, constrict 8, camouflage 1, gelatinous
body 1
a: Depart the Abyss, Bend Space, Banish, Corrupt, Enter the Abyss, Renounce
Religion


You were on level 7 of the Dungeon.
You worshipped Lugonu.
Lugonu was extremely pleased with you.
You were near starving.

You visited 1 branch of the dungeon, and saw 7 of its levels.
You visited the Abyss 1 time.
You also visited: Sewer.

You collected 356 gold pieces.
You spent 258 gold pieces at shops.

Inventory:

Hand weapons
 a - a +2 falchion (weapon)
Missiles
 g - 27 poisoned needles
Magical staves
 k - an uncursed staff of conjuration {!a}
   (You found it on level 2 of the Dungeon)
Jewellery
 f - a ring of see invisible (right tentacle) {sInv, !d}
   (You bought it in a shop on level 5 of the Dungeon)
 u - an uncursed ring of flight {+Fly, !d}
   (You found it on level 3 of the Dungeon)
 v - a ring of sustain abilities (left tentacle) {SustAb}
   (You found it on level 3 of the Dungeon)
Magical devices
 r - a wand of slowing (16)
   (You found it on level 2 of the Dungeon)
Scrolls
 b - 3 scrolls of enchant armour
 d - a scroll of enchant weapon
 e - 4 scrolls of remove curse
 h - 4 scrolls of magic mapping {!r}
 w - 2 scrolls of blinking {!r}
 y - 4 scrolls of teleportation
 D - a scroll of recharging
Potions
 i - 2 potions of cancellation {unknown}
 j - 2 potions of brilliance
 m - 3 potions of flight
 n - a potion of curing
 q - 2 potions of resistance
 s - a potion of lignification {unknown}
 x - a potion of restore abilities {unknown}
 A - a potion of haste {unknown}
 B - 3 potions of magic
Books
 l - a book of Flames
   (You found it on level 7 of the Dungeon)
Comestibles
 c - 2 bread rations {@e1}
 o - 2 beef jerkies
 p - 2 meat rations {@e2}


   Skills:
 - Level 3.0 Fighting
 - Level 8.2 Long Blades
 + Level 8.2 Dodging
 - Level 2.0 Invocations


You had 8 spell levels left.
You didn't know any spells.

Dungeon Overview and Level Annotations

Branches:
Dungeon (7/15)             Temple (0/1) D:6

Altars:
Okawaru
Sif Muna
Vehumet

Shops:
D:5 *   D:6 :=[?*

Annotations:
D:3 exclusion: Sigmund, Sigmund
D:4 Weresquid's ghost, experienced MfSu
D:6 Zugr's ghost, average GrBe


Innate Abilities, Weirdness & Mutations

You cannot wear most types of armour.
You are amphibious.
You can wear up to eight rings at the same time.
You can use your tentacles to constrict many enemies at once.
Your skin changes colour to match your surroundings (Stealth).
Your rubbery body absorbs attacks (AC +1).


Message History

There is a stone staircase leading down here.
You open the door.
The orc wizard is too close now for your liking.
An orc wizard is nearby!
There is an open door here.
h - 4 scrolls of magic mapping {!r} (gained 1)
t - 2 scrolls of identify (gained 1) Read which item? (? for menu, Esc to quit)
Identify which item? (\ to view known items) (? for menu, Esc to quit)
As you read the scroll of identify, it crumbles to dust.
z - a potion of agility Read which item? (? for menu, Esc to quit)
Identify which item? (\ to view known items) (? for menu, Esc to quit)
As you read the scroll of identify, it crumbles to dust.
B - 3 potions of magic An orc warrior, 2 orc priests and an orc wizard come into view.
The orc priest shouts! x2
The orc warrior shouts!
The orc wizard shouts!
You hear a shout!
An orc comes into view. It is wielding a whip.
There are monsters nearby!
There are monsters nearby!
Aim: an orc priest, wielding a dagger and wearing a scale mail (chance 51%)
The orc priest seems to slow down.
Evoking this partially-identified wand wasted a few charges.
The orc priest glows brightly for a moment.
You barely miss the orc priest. Your grab misses the orc priest.
The orc priest hits you but does no damage.
You hit the orc priest but do no damage.
Your grab misses the orc priest. You slash the orc priest!
You kill the orc priest!
Lugonu accepts your kill.
Aim: an orc warrior, wielding a dire flail and wearing a chain mail (chance 51%)
The orc warrior resists with significant effort.
Evoking this partially-identified wand wasted a few charges.
The orc warrior barely misses you.
Aim: an orc warrior, wielding a dire flail and wearing a chain mail (chance 51%)
The orc warrior seems to slow down.
Evoking this partially-identified wand wasted a few charges.
You barely miss the orc warrior. Your grab misses the orc warrior.
You squeeze the orc warrior, but do no damage.
The orc warrior misses you.
You hit the orc warrior but do no damage.
You grab the orc warrior.
You constrict the orc warrior, but do no damage.
The orc wizard mumbles some strange words.
The orc wizard seems to speed up.
You hit the orc warrior.
You squeeze the orc warrior, but do no damage.
You constrict the orc warrior, but do no damage.
The orc warrior hits you with a dire flail!
You take 12 damage, and have 44/56 hp.
MASSIVE DAMAGE!!
You hit the orc warrior but do no damage.
You constrict the orc warrior, but do no damage.
Unknown command.
You release your grip on the orc warrior.
The orc wizard casts a spell.
The orc wizard flickers and vanishes for a moment.
The orc wizard becomes somewhat translucent.
There is an open door here.
An orc comes into view.
The orc priest calls down the wrath of Beogh upon you.
Something smites you!
You take 16 damage, and have 30/56 hp.
MASSIVE DAMAGE!!
The orc shouts!
The orc warrior is no longer moving slowly.
You see here a shield.
The orc shouts!
The orc shouts noisily.
The orc barely misses you.
There is an open door here.
The orc hits you but does no damage.
Okay, then.
You slash the orc!
You kill the orc!
Lugonu accepts your kill.
You see here a ring mail.
Aim: an orc warrior, wielding a dire flail and wearing a chain mail (lightly wounded, chance 51%)
The orc warrior resists with significant effort.
Evoking this partially-identified wand wasted a few charges.
Aim: an orc warrior, wielding a dire flail and wearing a chain mail (lightly wounded, chance 51%)
The orc warrior resists with significant effort.
Evoking this partially-identified wand wasted a few charges.
The orc warrior barely misses you.
Drink which item? (? for menu, Esc to quit)
You feel agile all of a sudden.
You are near starving!
The orc warrior misses you.
You barely miss the orc warrior. Your grab misses the orc warrior.
The orc warrior hits you with a dire flail!!
You take 20 damage, and have 24/56 hp.
MASSIVE DAMAGE!!
You hit the orc wizard! Your grab misses the orc wizard.
You squeeze the orc wizard!
You kill the orc wizard!
Lugonu accepts your kill.
The orc warrior hits you with a dire flail!!
You die...

#.....## #.##...#
#[##...# ######.##...#
#.......#...############
#.......#...o....o......
#.......#...###########.
#..^...o##### #.
#......@################
#.......................
#.......################
####...## #...# #...#
##### #### #...


You could see an orc warrior.

Vanquished Creatures
  A water moccasin (D:7)
  A black bear (D:6)
  A phantom (D:5)
  3 big kobolds (Sewer)
  An ogre (D:5)
  2 giant frogs (D:6)
  A hound (D:4)
  A centaur zombie (D:6)
  3 iguanas
  2 jellies
  An orc priest (D:7)
  5 orc wizards
  7 worker ants
  A killer bee zombie (D:6)
  Ijyb (D:2)
  A hound zombie (D:5)
  5 gnolls
  12 adders
  2 river rats (Sewer)
  A shadow imp (D:5)
  3 giant mites
  6 worms
  4 oozes (Sewer)
  11 orcs
  10 bats
  2 bat skeletons
  5 giant cockroaches
  17 hobgoblins
  13 kobolds
  A quokka (D:6)
  4 ball pythons
  4 giant geckos
  2 giant gecko skeletons (D:6)
  3 giant newts
  12 goblins
  9 jackals
  A jackal skeleton (D:5)
  17 rats
  2 ballistomycetes (D:6)
178 creatures vanquished.

Vanquished Creatures (others)
  A giant mite (D:6)
  2 giant spores (D:6)
  A ballistomycete (D:6)
4 creatures vanquished.

Grand Total: 182 creatures vanquished

Notes
Turn   | Place    | Note
--------------------------------------------------------------
     0 | Abyss:1  | RobertPalmer, the Octopode Abyssal Knight, began the quest for the Orb.
     0 | Abyss:1  | Reached XP level 1. HP: 16/16 MP: 1/1
     7 | Abyss:1  | Found a corrupted altar of Lugonu.
    28 | Abyss:1  | Found a corrupted altar of Lugonu.
    28 | Abyss:1  | Noticed a big kobold
    28 | Abyss:1  | Noticed a big kobold
    28 | Abyss:1  | Noticed a big kobold
    28 | Abyss:1  | Noticed a big kobold
    28 | Abyss:1  | Noticed a big kobold
    28 | Abyss:1  | Noticed a big kobold
    28 | Abyss:1  | Noticed a big kobold
    28 | Abyss:1  | Noticed a big kobold
    36 | Abyss:1  | Found a corrupted altar of Lugonu.
    42 | Abyss:1  | HP: 1/16 [big kobold/short sword (6)]
    43 | D:1      | Escaped the Abyss
   596 | D:1      | Reached XP level 2. HP: 21/21 MP: 2/2
   729 | D:1      | Acquired Lugonu's first power
   729 | D:1      | Reached skill level 3 in Long Blades
  1050 | D:2      | Reached XP level 3. HP: 26/26 MP: 3/3
  1438 | D:2      | Reached skill level 4 in Long Blades
  1493 | D:2      | Noticed Ijyb
  1498 | D:2      | Killed Ijyb
  1498 | D:2      | Reached XP level 4. HP: 31/31 MP: 5/5
  1533 | D:2      | Acquired Lugonu's second power
  1731 | D:3      | Noticed Sigmund
  1976 | D:3      | Reached skill level 5 in Long Blades
  1976 | D:3      | Reached XP level 5. HP: 33/36 MP: 6/6
  2163 | D:3      | Acquired Lugonu's third power
  2829 | D:4      | Found a radiant altar of Vehumet.
  2831 | D:4      | Found a deep blue altar of Sif Muna.
  2889 | D:4      | Noticed Weresquid's ghost (experienced MfSu)
  2981 | D:4      | Reached skill level 6 in Long Blades
  2981 | D:4      | Reached XP level 6. HP: 33/42 MP: 7/7
  3041 | D:4      | Noticed an ogre
  3578 | D:5      | Entered Level 5 of the Dungeon
  3767 | D:5      | Reached skill level 7 in Long Blades
  4097 | D:5      | Acquired Lugonu's fourth power
  4097 | D:5      | Reached XP level 7. HP: 44/46 MP: 9/9
  4535 | D:5      | Reached skill level 8 in Long Blades
  4939 | D:5      | Reached skill level 3 in Dodging
  5223 | D:5      | Found Ethraohi's General Store.
  5230 | D:5      | Bought an uncursed ring of see invisible for 210 gold pieces
  5614 | D:6      | Reached skill level 4 in Dodging
  5614 | D:6      | Reached XP level 8. HP: 49/52 MP: 10/10
  5889 | D:6      | Found a staircase to the Ecumenical Temple.
  5963 | D:6      | Found Stros' Book Emporium.
  6010 | D:6      | You fall through a shaft!
  6045 | D:6      | Reached skill level 5 in Dodging
  6103 | D:6      | Found Usupuidgh's General Store.
  6160 | D:6      | Found Klaojiutt's Magic Scroll Boutique.
  6168 | D:6      | Bought a scroll of identify for 24 gold pieces
  6168 | D:6      | Bought a scroll of identify for 24 gold pieces
  6241 | D:6      | Found a glowing drain.
  6245 | Sewer    | Entered a sewer
  6347 | Sewer    | Acquired Lugonu's fifth power
  6406 | Sewer    | Reached skill level 6 in Dodging
  6656 | D:6      | Reached skill level 7 in Dodging
  6822 | D:6      | Found an iron altar of Okawaru.
  6851 | D:6      | Found Mupa's Armour Shoppe.
  6853 | D:6      | Found Qaeka's Jewellery Shoppe.
  6891 | D:6      | Noticed Zugr's ghost (average GrBe)
  7191 | D:5      | HP: 13/52 [poisoned by a worker ant]
  7210 | D:5      | HP: 8/52 [orc wizard/magic dart (7)]
  7589 | D:7      | Reached skill level 8 in Dodging
  7589 | D:7      | Reached XP level 9. HP: 56/56 MP: 11/11
  7892 | D:7      | Slain by an orc warrior

Action                   |  1- 3 |  4- 6 |  7- 9 || total
-------------------------+-------+-------+-------++-------
Melee: Falchion          |    52 |   129 |   211 ||   392
Invok: Depart the Abyss  |     1 |       |       ||     1
Evoke: Wand              |       |     3 |     8 ||    11
  Use: Scroll            |       |    11 |    10 ||    21
       Potion            |       |     1 |     2 ||     3
 Stab: Sleeping          |     1 |     7 |     5 ||    13
       Distracted        |       |     1 |       ||     1
       Fleeing           |       |       |     1 ||     1
  Eat: Chunk             |     2 |     8 |     9 ||    19
       Beef jerky        |       |       |     1 ||     1

Vault maps used:
D:1:      dpeg_arrival_tiny_a
D:2:      first_bread, uniq_iyjb
D:3:      uniq_sigmund
D:4:      grunt_temple_overflow_open
D:5:      serial_shops, nicolae_shop_crystal, kennysheep_another_room,
          kennysheep_diamond
D:6:      okawaru_metal_pillars_3, temple_pool_a, serial_shops, shop_statue,
          nicolae_shop_stone, shop, nicolae_shop_behind_doors, kennysheep_mini,
          gup_sewer_entry_bowl, chei_beetle_safe_becter
D:7:      lemuel_ice_spiral_2, uniq_eustachio
Sewer:    sewer_co_15_rooms

Table legend:
 A = Turns spent in this place as a percentage of turns spent in the entire game.
 B = Non-inter-level travel turns spent in this place as a percentage of non-inter-level travel turns spent in the entire game.
 C = Inter-level travel turns spent in this place as a percentage of turns spent in this place.
 D = Turns resting spent in this place as a percentage of non-inter-level travel turns spent in this place.
 E = Turns spent auto-exploring this place as a percentage of non-inter-level travel turns spent in this place.
 F = Non-inter-level travel turns spent in this place divided by the number of levels of this place that you've seen.
                   A       B       C       D       E      F
               +-------+-------+-------+-------+-------+----------------------
         Total | 100.0 | 100.0 |   0.2 |   1.8 |   4.2 | 383.6
       Dungeon |  91.0 |  91.0 |   0.2 |   1.9 |   4.3 | 448.7
         Abyss |   1.2 |   1.2 |   0.0 |   0.0 |   0.0 |  43.0
         Sewer |   7.7 |   7.8 |   0.0 |   0.0 |   4.5 | 268.0
               +-------+-------+-------+-------+-------+----------------------

Table legend:
 A = Kills in this place as a percentage of kills in entire the game.
 B = Kills by you in this place as a percentage of kills by you in the entire game.
 C = Kills by friends in this place as a percentage of kills by friends in the entire game.
 D = Other kills in this place as a percentage of other kills in the entire game.
 E = Experience gained in this place as a percentage of experience gained in the entire game.
 F = Experience gained in this place divided by the number of levels of this place that you have seen.
                   A       B       C       D       E      F
               +-------+-------+-------+-------+-------+----------------------
         Total | 100.0 | 100.0 |  -nan |  -nan | 100.0 | 270.8
       Dungeon |  86.9 |  86.9 |  -nan |  -nan |  83.7 | 291.4
         Sewer |  13.1 |  13.1 |  -nan |  -nan |  16.3 | 397.0
               +-------+-------+-------+-------+-------+----------------------
